 Dungeon Crawl Stone Soup version 0.31-a0-210-gccc998df9b (webtiles) character file.

Game seed: 5595214993170225574

85 qw the Shooter (level 4, -6/36 HPs)
             Began as a Minotaur Hexslinger on June 29, 2023.
             Mangled by a gnoll
             ... wielding a +0 whip
              (7 damage)
             ... on level 3 of the Dungeon.
             The game lasted 00:00:39 (1626 turns).

qw the Shooter (Minotaur Hexslinger)                Turns: 1626, Time: 00:00:40

Health: -6/36      AC:  5    Str: 13    XL:     4   Next: 25%
Magic:  4/4        EV: 10    Int: 15    God:
Gold:   1068       SH:  0    Dex: 12    Spells: 4/5 levels left

rFire   . . .        g - +1 sling
rCold   + . .        (no shield)
rNeg    . . .        a - +0 ring mail
rPois   +            (helmet restricted)
rElec   .            (no cloak)
rCorr   .            (no gloves)
SInv    +            (no boots)
Will    .....        (no amulet)
Stlth   +            b - ring of Wioces {rPois rC+ Int+5 Dex-2}
HPRegen 0.26/turn    f - ring of see invisible
MPRegen 0.09/turn

%: no passive effects
@: no status effects
A: horns 2, retaliatory headbutt
a: no special abilities


You were on level 3 of the Dungeon.
You visited 1 branch of the dungeon, and saw 3 of its levels.

You collected 1068 gold pieces.


Innate Abilities, Weirdness & Mutations

You have a pair of horns on your head.
You reflexively headbutt those who attack you in melee.


   Skills:
 - Level 2.0 Fighting
 + Level 4.6 Ranged Weapons
 - Level 1.0 Armour
 - Level 2.1 Dodging
 - Level 1.0 Spellcasting
 - Level 2.0 Hexes


You had 4 spell levels left.
You knew the following spells:

 Your Spells              Type           Power      Damage    Failure   Level
a - Slow                  Hex            24%        N/A       22%         1

Your spell library contained the following spells:

 Spells                   Type           Power      Damage    Failure   Level
 Inner Flame              Hex/Fire       3%         N/A       71%         3
 Portal Projectile        Hex/Tloc       6%         N/A       71%         3
 Cause Fear               Hex            3%         N/A       92%         4

Inventory:

Hand Weapons
 g - a +1 sling (weapon)
Armour
 a - a +0 ring mail (worn)
Jewellery
 b - the ring of Wioces (left hand) {rPois rC+ Int+5 Dex-2}
   (You acquired it on level 2 of the Dungeon)

   [ring of protection from cold]

   Int:       It affects your intelligence (+5).
   Dex:       It affects your dexterity (-2).
   rC:        It protects you from cold.
   rPois:     It protects you from poison.
 f - a ring of see invisible (right hand)
 Y - a +6 ring of strength
Scrolls
 c - a scroll of teleportation

Dungeon Overview and Level Annotations

Branches:
Dungeon (3/15)

Altars:


Message History

You shoot a sling bullet. The sling bullet misses the adder.
You shoot a sling bullet. The sling bullet misses the adder.
The adder bites you. The adder bites you but does no damage.
You shoot a sling bullet. The sling bullet hits the adder.
The adder is heavily wounded.
The adder barely misses you.
You shoot a sling bullet.
The sling bullet closely misses the adder.
The adder barely misses you. The adder misses you. You furiously retaliate!
You headbutt the adder!
You kill the adder!
Your Armour skill increases to level 1!
You start resting.
HP restored.
Found a stone staircase leading down.
Found 3 poisoned darts.
Found a stone staircase leading up.
Found a hand axe. 2 gnolls come into view.
A gnoll is wielding a +0 halberd of protection.
The gnoll shouts! x2; You hear a shout! x2
A gnoll comes into view. It is wielding a +0 whip.
You shoot a sling bullet.
The sling bullet barely misses the gnoll.
The sling bullet hits the gnoll but does no damage.
A gnoll comes into view. It is wielding a +0 flail.
You shoot a sling bullet. The sling bullet hits the gnoll.
The gnoll is moderately wounded.
The gnoll barely misses you.
You shoot a sling bullet. The sling bullet hits the gnoll.
The gnoll is severely wounded.
The gnoll hits you from afar with a +0 halberd of protection.
You shoot a sling bullet.
The sling bullet closely misses the gnoll.
The gnoll hits you from afar with a +0 halberd of protection!
You shoot a sling bullet.
The sling bullet hits the gnoll but does no damage.
The gnoll hits you from afar with a +0 halberd of protection!
The gnoll hits you with a +0 flail. The gnoll misses you.
The gnoll hits you with a +0 flail. The gnoll hits you with a +0 whip!
You die...

..#.#.. #### #.#.#.#
..## #.....##### ####<##
#......... ..##.## ##
###.#.....# #.##..%
...#.........# #.##..#
##....#....)#####.##..#
##......................
......g@.#...##.##.##...
##....g#####.##.##.###.#
##..gg #.##.##.# #.#
##.#. #.##.##.# #.#
...#. #.##.##.# #.# ...
.. ........# #.# ### ..
..##.#### #.# ## ####.#
#.# ..#


You could see 4 gnolls.

Vanquished Creatures
  3 adders
  A worm (D:2)
  2 dart slugs
  3 endoplasms (D:1)
  2 giant cockroaches (D:1)
  A hobgoblin (D:1)
  5 jackals
  4 kobolds
  A quokka (D:1)
  4 ball pythons
  9 bats
  2 frilled lizards
  9 goblins
  2 rats
48 creatures vanquished.

Notes
Turn   | Place    | Note
-------+----------+-------------------------------------------
     0 | D:1      | qw the Minotaur Hexslinger began the quest for the Orb.
     0 | D:1      | Reached XP level 1. HP: 16/16 MP: 1/1
     0 | D:1      | 0 ||| qw: Version: 0.3-a-24-ga2abf7b
     0 | D:1      | 0 ||| qw: Game counter: 6995
     0 | D:1      | 0 ||| qw: Melee chars always use a shield: true
     0 | D:1      | 0 ||| qw: God list: Okawaru
     0 | D:1      | 0 ||| qw: Allow faded altars: false
     0 | D:1      | 0 ||| qw: Do Orc after clearing Dungeon:15 true
     0 | D:1      | 0 ||| qw: Do second Lair branch before Depths: true
     0 | D:1      | 0 ||| qw: Lair rune preference: random
     0 | D:1      | 0 ||| qw: Goals: Normal
     0 | D:1      | 0 ||| PLANNING D:1-11
   107 | D:1      | Reached skill level 3 in Ranged Weapons
   107 | D:1      | Reached XP level 2. HP: 23/23 MP: 2/2
   509 | D:1      | Found a faded altar of an unknown god.
   593 | D:1      | 593 ||| UPGRADING to +0 leather armour.
   603 | D:1      | 603 ||| DROPPING +0 robe.
   604 | D:1      | 604 ||| UPGRADING to +6 ring of strength.
   605 | D:1      | 605 ||| READING scroll labelled BECVOCY JUSM.
   609 | D:1      | 609 ||| READING 2 scrolls labelled OMIORH XUMAZOU.
   610 | D:1      | 610 ||| READING scroll labelled WIXYLA DIMOAL.
   611 | D:1      | 611 ||| READING scroll labelled WEOBOACRUD.
   612 | D:1      | 612 ||| DROPPING scroll of poison.
   613 | D:1      | 613 ||| DROPPING scroll of vulnerability.
   653 | D:2      | Reached XP level 3. HP: 29/29 MP: 3/3
   730 | D:2      | Reached skill level 4 in Ranged Weapons
  1264 | D:2      | Reached XP level 4. HP: 36/36 MP: 4/4
  1552 | D:2      | 1552 ||| UPGRADING to +0 ring mail.
  1562 | D:2      | 1562 ||| DROPPING +0 leather armour.
  1563 | D:2      | 1563 ||| UPGRADING to ring of see invisible.
  1564 | D:2      | 1564 ||| READING scroll labelled CUALO DIMU.
  1565 | D:2      | 1565 ||| READING 2 scrolls labelled EDE FIPPEISAITZ.
  1565 | D:2      | Identified 2 scrolls of acquirement
  1565 | D:2      | 1565 ||| ACQUIRING 928 gold pieces
  1565 | D:2      | Acquired 928 gold pieces
  1566 | D:2      | 1566 ||| READING scroll of acquirement.
  1566 | D:2      | 1566 ||| ACQUIRING ring of Wioces {rPois rC+ Int+5 Dex-2}
  1566 | D:2      | Acquired the ring of Wioces {rPois rC+ Int+5 Dex-2}
  1568 | D:2      | 1568 ||| UPGRADING to ring of Wioces {rPois rC+ Int+5
                  | Dex-2}.
  1589 | D:3      | Reached skill level 1 in Armour
  1626 | D:3      | HP: 9/36 [gnoll/+0 halberd of protection (11)]
  1626 | D:3      | HP: 3/36 [gnoll/+0 flail (6)]
  1626 | D:3      | HP: 1/36 [gnoll/+0 flail (2)]
  1626 | D:3      | Mangled by a gnoll

Levels and vault maps discovered:
D:1:      dpeg_arrival_round_a, layout_rooms, hellmonk_ecumenical_altar_blasted,
          minmay_tiny_reverse_x
D:2:      layout_basic, bh_walls_and_bars
D:3:      layout_loops_ring, grunt_temple_overflow_open, minivault_11

Skill      XL: |  1  2  3  4 |
---------------+-------------+-----
Ranged Weapons | 3 4 |  4.6
Fighting       | 2 |  2.0
Armour         | 1 |  1.0
Dodging        | |  2.1
Spellcasting   | |  1.0
Hexes          | |  2.0

Action                     |  1- 3 |  4- 6 || total
---------------------------+-------+-------++-------
   Fire: Sling             |   121 |    35 ||   156
    Use: Scroll            |     4 |     3 ||     7
 Armour: Robe              |     4 |       ||     4
         Leather armour    |     7 |     4 ||    11
         Ring mail         |       |     1 ||     1
  Dodge: Dodged            |    30 |    18 ||    48

Table legend:
 A = Non-vault XP
 B = Vault XP
 C = Vault XP percentage of total XP
 D = Non-vault monster count
 E = Vault monster count
 F = Vault count percentage of total count
                 A         B        C        D         E       F
            +---------+---------+-------+---------+---------+-------
      Total |     119 |       3 |   2.5 |      46 |       2 |   4.2
            +---------+---------+-------+---------+---------+-------
        D:1 |      36 |       3 |   7.7 |      19 |       2 |   9.5
        D:2 |      69 |       0 |   0.0 |      25 |       0 |   0.0
        D:3 |      14 |       0 |   0.0 |       2 |       0 |   0.0
            +---------+---------+-------+---------+---------+-------
